Map: Kairos Junction LE

Players

SEWERVILLE - Winner!

  • Race: Protoss Protoss
  • League: Diamond
  • Spawn Location: 5:00

Ebrithil

  • Race: Terran Terran
  • League: Diamond
  • Spawn Location: 11:00

VOD

Have the link to the VOD?

Description

Time

  • Played on: May 1, 2019, 6:21 p.m.
  • Length: 19:26
Show
View Real Time Build Order
Export as new Build Order

SEWERVILLE Protoss - Winner!

Build Orders: Cannon Rush 

Get SALT Encoding   

  12  0:01  Probe  
  13  0:13  Probe  
  14  0:21  Pylon  
  14  0:25  Probe  
  15  0:39  Probe  
  15  0:40  Forge  
  16  0:51  Probe  
  16  0:53  Pylon  
  17  1:02  Pylon  
  17  1:16  Photon Cannon  
  17  1:20  Photon Cannon  
  17  1:23  Photon Cannon  
  16  1:27  Probe  
  17  1:39  Gateway  
  17  1:51  Probe  
  18  1:54  Assimilator  
  18  1:58  Assimilator  
  18  2:03  Probe  
  19  2:27  Cybernetics Core  
  19  2:32  Zealot  
  21  2:41  Nexus  
  21  2:43  Probe  
  22  2:52  Probe  
  23  3:00  Probe  
  23  3:03  Adept  
  26  3:14  Stargate  
  26  3:26  Probe  
  27  3:32  Pylon  
  27  3:52  Stalker  
  27  3:55  Probe x2  
  31  4:02  Void Ray  
  30  4:15  Probe  
  35  4:18  Assimilator  
  37  4:27  Probe  
  38  4:33  Photon Cannon  
  36  4:40  Probe  
  36  4:41  Fleet Beacon  
  36  4:44  Assimilator  
  38  4:45  Probe  
  34  5:12  Gateway  
  34  5:15  Probe  
  34  5:17  Tempest, Probe  
  39  5:27  Probe  
  42  5:29  Probe  
  42  5:32  Shield Battery  
  43  5:36  Pylon  
  43  5:44  Pylon  
  43  5:55  Probe  
  43  6:00  Tempest  
  43  6:04  Probe x2  
  51  6:13  Pylon  
  51  6:14  Probe  
  51  6:16  Probe  
  53  6:45  Tempest  
  58  6:49  Robotics Facility  
  58  6:52  Warp Gate  
  58  6:53  Pylon, Probe  
  59  6:54  Pylon  
  59  6:57  Photon Cannon  
  59  7:05  Probe  
  60  7:09  Probe  
  60  7:10  Pylon  
  60  7:15  Stalker  
  63  7:17  Probe  
  63  7:21  Probe  
  65  7:28  Tempest  
  67  7:30  Pylon, Probe  
  67  7:35  Twilight Council  
  67  7:45  Pylon  
  67  7:50  Pylon  
  67  8:18  Tempest  
  72  8:22  Observer, Robotics Bay  
  72  8:26  Pylon, Probe  
  74  8:29  Photon Cannon x2  
  74  8:33  Gateway  
  74  8:34  Gateway  
  74  8:38  Probe  
  75  8:47  Templar Archives  
  75  8:58  Colossus  
  75  9:00  Extended Thermal Lance  
  75  9:03  Photon Cannon x2  
  81  9:30  Gateway  
  81  9:31  Pylon  
  81  9:32  Psionic Storm  
  81  9:33  High Templar  
  81  9:34  High Templar  
  81  9:35  High Templar  
  87  9:52  Colossus  
  87  9:53  Probe  
  94  10:09  Nexus  
  94  10:24  Stalker  
  94  10:26  High Templar x2  
  94  10:28  Mothership  
  108  10:29  Stalker  
  110  10:50  Pylon  
  110  10:58  Tempest, Colossus  
  110  11:00  High Templar  
  117  11:09  Pylon  
  117  11:10  Pylon  
  123  11:12  Pylon  
  123  11:25  Probe  
  124  11:27  Probe  
  125  11:35  Stalker x4  
  125  11:37  Probe  
  135  11:40  Probe  
  135  11:56  Tempest, Colossus  
  136  12:22  Stalker  
  136  12:23  Stalker x3  
  139  13:31  Stalker  
  139  13:32  Stalker x3  
  147  13:48  Nexus  
  147  13:50  Pylon  
  147  14:07  Colossus  
  147  14:08  Tempest  
  150  15:48  Pylon x2  
  150  15:58  Nexus  
  150  16:09  Nexus  
  150  16:11  Pylon  
  149  16:19  Stalker x4  
  149  16:36  Tempest  
  154  16:42  Observer  
  153  17:19  Tempest  
  158  18:08  Nexus  
  158  18:10  Pylon  
  158  19:21  Archon x2  
  158  19:22  Archon  
Show
View Real Time Build Order
Export as new Build Order

Ebrithil Terran 

Build Orders:  

Get SALT Encoding   

  12  0:00  SCV  
  13  0:13  SCV  
  14  0:17  Supply Depot  
  14  0:25  SCV  
  15  0:38  SCV  
  15  0:40  Barracks  
  16  0:45  Refinery  
  16  0:50  SCV  
  17  1:02  SCV  
  18  1:16  Refinery  
  18  1:26  Orbital Command  
  18  1:32  Marine  
  19  1:33  Bunker  
  18  1:54  Supply Depot  
  18  1:58  Marine  
  17  2:02  Supply Depot  
  17  2:14  Factory  
  17  2:26  Marine  
  17  2:29  SCV  
  19  2:42  Supply Depot  
  19  2:45  SCV  
  20  2:57  SCV  
  21  3:00  Marine  
  21  3:03  Factory Tech Lab  
  22  3:13  SCV  
  23  3:22  Siege Tank  
  26  3:29  Starport, Barracks Tech Lab  
  26  3:35  SCV  
  27  3:47  SCV  
  28  3:52  Stimpack  
  28  3:59  SCV  
  29  4:09  Starport Reactor  
  29  4:11  Marauder  
  31  4:18  Command Center  
  31  4:41  Supply Depot  
  31  4:53  Supply Depot  
  31  4:56  Marine  
  31  5:03  Siege Tank  
  34  5:08  Medivac x2  
  38  5:16  Barracks  
  38  5:17  Barracks  
  38  5:23  SCV  
  39  5:29  Refinery  
  39  5:35  SCV  
  40  5:45  Marine  
  40  5:47  SCV, Siege Tank  
  45  5:52  Combat Shield  
  45  5:59  SCV  
  46  6:05  Starport Reactor  
  46  6:10  Orbital Command  
  46  6:11  SCV  
  46  6:14  Barracks Reactor  
  46  6:15  Marine  
  48  6:20  Marine x2  
  48  6:22  Engineering Bay  
  48  6:23  SCV  
  51  6:34  Cyclone  
  51  6:35  SCV  
  53  6:44  SCV  
  54  6:47  SCV  
  54  6:49  Marine  
  54  6:50  Marine  
  57  6:57  SCV  
  57  7:00  SCV, Marine  
  60  7:05  Missile Turret  
  60  7:08  Supply Depot  
  60  7:09  SCV  
  60  7:11  Concussive Shells  
  60  7:12  SCV  
  61  7:27  Marine  
  62  7:42  Supply Depot  
  62  7:43  Supply Depot  
  62  7:59  Barracks Reactor  
  62  8:02  Marine  
  62  8:03  Marine  
  62  8:04  SCV x2, Marauder  
  67  8:15  Terran Infantry Weapons Level 1  
  67  8:16  SCV x2  
  71  8:20  Command Center, Marine  
  71  8:23  Refinery, Medivac x2  
  71  8:25  Marauder, Factory Reactor  
  76  8:36  SCV  
  76  8:40  Missile Turret  
  77  8:42  Marine  
  78  8:48  Armory  
  78  8:52  Supply Depot  
  78  8:54  Supply Depot  
  78  9:05  Barracks  
  78  9:14  SCV x2, Widow Mine x2, Marine x2  
  78  9:15  Viking, Marine x2  
  90  9:18  Medivac  
  92  9:26  SCV x2  
  92  9:30  Barracks  
  94  9:36  Widow Mine x2  
  98  9:38  SCV  
  98  9:40  Engineering Bay  
  98  9:41  Terran Vehicle And Ship Armor Level 1  
  99  9:47  SCV  
  99  9:50  SCV  
  101  9:55  Ghost Academy  
  101  9:57  Widow Mine, Marine  
  101  9:58  Marine  
  101  9:59  SCV  
  106  10:00  Marine  
  106  10:02  SCV, Marine  
  108  10:07  Orbital Command  
  108  10:09  Terran Infantry Armor Level 1  
  108  10:11  SCV  
  109  10:19  Sensor Tower  
  109  10:35  Supply Depot  
  109  10:40  Supply Depot  
  109  10:43  Fusion Core  
  109  10:50  Starport Tech Lab  
  109  10:55  Marine x7  
  109  10:56  SCV x3  
  109  11:08  SCV x2  
  111  11:13  Marine x2  
  108  11:27  Barracks  
  108  11:29  Barracks  
  108  11:30  Starport  
  108  11:31  Battlecruiser  
  114  11:32  Weapon Refit  
  114  11:34  Starport  
  114  11:36  Terran Ship Weapons Level 1  
  114  11:45  Marine  
  114  11:46  Marine x5  
  120  11:47  SCV x3  
  120  11:50  Refinery  
  120  11:52  Refinery  
  123  12:06  Command Center  
  114  12:33  Starport Tech Lab  
  114  12:36  Battlecruiser  
  114  12:46  Starport Tech Lab  
  82  12:58  Marine  
  82  12:59  Marauder x2, Marine x2  
  82  13:20  Orbital Command  
  82  13:26  Battlecruiser  
  82  13:27  Battlecruiser  
  83  13:28  Widow Mine  
  83  13:29  Terran Vehicle And Ship Armor Level 2, Widow Mine  
  83  13:31  Command Center  
  87  13:38  Terran Infantry Weapons Level 2  
  87  13:41  SCV x2  
  89  13:42  Factory  
  87  13:50  Widow Mine x2  
  87  13:53  SCV  
  84  14:23  Battlecruiser  
  87  14:25  Marine x4  
  92  14:37  Battlecruiser  
  93  14:42  Marine  
  88  14:50  Battlecruiser  
  91  14:59  Marine  
  90  15:03  Orbital Command  
  90  15:05  Factory Tech Lab  
  79  15:16  Marine  
  66  15:44  Refinery  
  66  15:46  Refinery  
  53  16:43  Command Center  
  53  16:50  SCV  
  54  17:07  Barracks Tech Lab  
  54  17:22  Supply Depot  
  54  17:23  Supply Depot  
  54  17:24  Factory  
  46  17:55  SCV  
  49  18:07  SCV  
Tags
 
Add a new tag
Caveats
  • Supply blocks, unpowered buildings, or Contaminate may cause inaccurate times.
  • Supply counts are checked every 10 seconds.